 Dungeon Crawl Stone Soup version 0.28-a0-622-gbaef9634d7 (webtiles) character file.

Game seed: 158345867941599923

430 mordus the Chopper (level 6, -3/51 HPs)
             Began as a Hill Orc Fighter on Oct 7, 2021.
             Was an Initiate of Beogh.
             Slain by an orc (5 damage)
             ... on level 5 of the Dungeon.
             The game lasted 00:03:37 (3808 turns).

mordus the Chopper (Hill Orc Fighter)               Turns: 3808, Time: 00:03:37

Health: -3/51      AC:  7    Str: 21    XL:     6   Next: 99%
Magic:  6/6        EV:  9    Int:  8    God:    Beogh [......]
Gold:   155        SH:  5    Dex: 10    Spells: 5/5 levels left

rFire   . . .      SeeInvis .   a - +0 war axe
rCold   . . .      Faith    .   c - +0 buckler
rNeg    . . .      Spirit   .   b - +0 scale mail
rPois   .          Reflect  .   (no helmet)
rElec   .          Harm     .   s - scarf {repulsion}
rCorr   .          Rampage  .   (no gloves)
Will    .....                   (no boots)
Stlth   ..........              (no amulet)
HPRegen 0.17/turn               (no ring)
MPRegen 0.10/turn               (no ring)

@: repel missiles
A: no striking features
a: Renounce Religion


You were on level 5 of the Dungeon.
You worshipped Beogh.
Beogh was noncommittal.
You visited 1 branch of the dungeon, and saw 5 of its levels.

You collected 155 gold pieces.

Inventory:

Hand Weapons
 a - a +0 war axe (weapon)
Armour
 b - a +0 scale mail (worn)
 c - a +0 buckler (worn)
 s - a scarf of repulsion (worn)
Wands
 m - a wand of mindburst (18)
 o - a wand of paralysis (7)
Scrolls
 f - a scroll of blinking {unknown}
 h - 3 scrolls of identify {unknown}
 i - a scroll of fog {unknown}
 j - a scroll of magic mapping {unknown}
 l - a scroll of teleportation {unknown}
 n - a scroll of noise {unknown}
 q - a scroll of silence {unknown}
Potions
 d - a potion of might
 e - 2 potions of degeneration {unknown}
 g - 4 potions of curing {unknown}
 k - a potion of flight {unknown}
 p - a potion of lignification {unknown}
 r - a potion of magic {unknown}


   Skills:
 - Level 3.6 Fighting
 * Level 7.0 Axes
 + Level 5.0 Armour
 + Level 5.0 Shields


You had 5 spell levels left.
You didn't know any spells.
Your spell library contained the following spells:

 Spells                   Type           Power      Damage    Failure   Level
 Sandblast                Erth           0%         2d4       75%         1
 Shock                    Conj/Air       0%         1d3       75%         1
 Summon Small Mammal      Summ           0%         N/A       75%         1
 Passwall                 Tmut/Erth      0%         N/A       86%         2
 Call Canine Familiar     Summ           0%         N/A       98%         3
 Stone Arrow              Conj/Erth      0%         3d7       98%         3
 Summon Guardian Golem    Hex/Summ       0%         N/A       98%         3
 Swiftness                Air            0%         N/A       98%         3
 Airstrike                Air            0%         N/A       100%        4


Dungeon Overview and Level Annotations

Branches:
Dungeon (5/15)
 Temple: D:4-7

Altars:
Elyvilon
Fedhas
Okawaru
Xom
Yredelemnul


Message History

Beogh smites you! The orc closely misses you.
There is an open door here.
You enter the shallow water.
Moving in this stuff is going to be slow.
The orc hits you with a +0 mace.
The orc priest splashes around in the water.
A water moccasin zombie comes into view.
The orc splashes around in the water.
The orc priest hits you with a +0 flail.
The orc priest calls down the wrath of Beogh upon you.
Pain shoots through your body!
The orc priest looks encouraged for a moment.
You are too injured to fight recklessly!
You are too injured to fight recklessly!
You are too injured to fight recklessly!
You are too injured to fight recklessly!
You are too injured to fight recklessly!
You slash the orc!
You kill the orc!
Beogh accepts your kill.
Things that are here:
a +0 mace; an orc corpse You hit the orc priest but do no damage.
The orc priest calls down the wrath of Beogh upon you.
Beogh smites you!
* * * LOW HITPOINT WARNING * * *
The orc priest mumbles some strange prayers to Beogh against you.
Beogh smites you!
* * * LOW HITPOINT WARNING * * *
You barely miss the orc priest. You block the orc priest's attack.
You barely miss the orc priest. You closely miss the orc.
The orc priest casts a cantrip, but nothing happens.
The orc misses you.
You hit the orc priest but do no damage.
You barely miss the orc. You block the orc's attack.
The orc priest hits you but does no damage.
Your scale mail prevents you from hitting the orc priest.
You barely miss the orc. The orc hits you with a +0 flail.
You die...
Beogh appreciates the orc's killing of a heretic priest.

###.##..## #
#........# +.
#........# #..
#........#
#...
#.......##
#....#.≈.....#
#.....#o)#####
#.....≈oo##..#
#....≈≈#@....#
#....o≈#.....#
#.....≈#.....#
#....≈≈#.....#
#....≈≈###...#
...#≈≈Z ##+#
...≈≈≈.


You could see 2 orc priests and an orc.

Vanquished Creatures
  Eustachio (D:4)
  An ogre (D:4)
  A hound (D:4)
  A centaur skeleton (D:4)
  2 hound skeletons (D:4)
  5 adders
  2 worms
  3 dart slugs
  5 orcs
  6 endoplasms
  3 giant cockroaches
  5 hobgoblins
  2 jackals
  2 quokkas
  7 ball pythons
  2 bats
  4 frilled lizards
  4 kobolds
  3 rats (D:3)
59 creatures vanquished.

Vanquished Creatures (others)
  An orc (D:3)
  A giant cockroach (D:3)
2 creatures vanquished.

Grand Total: 61 creatures vanquished

Notes
Turn   | Place    | Note
-------+----------+-------------------------------------------
     0 | D:1      | mordus the Hill Orc Fighter began the quest for the Orb.
     0 | D:1      | Reached XP level 1. HP: 19/19 MP: 1/1
   256 | D:1      | Reached skill level 3 in Axes
   532 | D:1      | Found a faded altar of an unknown god.
   540 | D:1      | Reached XP level 2. HP: 25/26 MP: 2/2
   876 | D:2      | Reached XP level 3. HP: 31/31 MP: 3/3
   899 | D:2      | Reached skill level 4 in Axes
  1399 | D:2      | You fall into a shaft and drop 2 floors!
  1399 | D:4      | Noticed an ogre
  1407 | D:4      | Reached XP level 4. HP: 39/39 MP: 4/4
  1410 | D:4      | Killed an ogre
  1411 | D:4      | Reached skill level 5 in Axes
  1411 | D:4      | Reached XP level 5. HP: 45/45 MP: 5/5
  1615 | D:4      | Found a white marble altar of Elyvilon.
  1859 | D:3      | Became a worshipper of Beogh the Brigand
  2051 | D:3      | Reached XP level 6. HP: 47/51 MP: 6/6
  2203 | D:2      | Reached skill level 6 in Axes
  2487 | D:5      | Entered Level 5 of the Dungeon
  2891 | D:3      | Found a basalt altar of Yredelemnul.
  2897 | D:3      | Found an iron altar of Okawaru.
  2899 | D:3      | Found a shimmering altar of Xom.
  2954 | D:4      | Found a blossoming altar of Fedhas.
  2974 | D:4      | Noticed Eustachio
  3158 | D:4      | Killed Eustachio
  3469 | D:4      | Reached skill level 5 in Armour
  3469 | D:4      | Reached skill level 5 in Shields
  3772 | D:5      | Reached skill level 7 in Axes
  3804 | D:5      | HP: 1/51 [orc priest/divine providence (13)]
  3808 | D:5      | Slain by an orc

Illustrated notes

Levels and vault maps discovered:
D:1:      dpeg_arrival_round_c, layout_basic, ebering_ecumenical_altar_abandoned
D:2:      layout_loops_corners
D:3:      layout_basic, minitemple
D:4:      layout_basic, fedhas_ov_isle_minmay, nicolae_overflow_crystal_walls,
          minmay_misc_feat_tower, small_statue_intersection, st_stairs_13,
          uniq_eustachio
D:5:      layout_gridville, serial_rivers, chequers_serial_rivers_large_a,
          chequers_serial_rivers_room_b, chequers_serial_rivers_small_b,
          chequers_serial_rivers_micro_b, chequers_serial_rivers_small_b,
          chequers_serial_rivers_small_a, uniq_edmund

Skill      XL: |  1  2  3  4  5  6 |
---------------+-------------------+-----
Axes           | 3 4 5 7 |  7.0
Armour         | 4 5 |  5.0
Shields        | 4 5 |  5.0
Fighting       | |  3.6

Action                   |  1- 3 |  4- 6 || total
-------------------------+-------+-------++-------
Melee: War axe           |    45 |   133 ||   178
       Unarmed           |       |     2 ||     2
Invok: Convert to Beogh  |       |     1 ||     1
Armor: Scale mail        |    18 |    65 ||    83
       Skin              |       |    14 ||    14
Dodge: Dodged            |    17 |    71 ||    88
Block: Buckler           |    16 |    37 ||    53

Table legend: (Time is in decaauts)
 A = Elapsed time spent in this place.
 B = Non-inter-level travel time spent in this place.
 C = Inter-level travel time spent in this place.
 D = Time resting spent in this place.
 E = Time spent auto-exploring this place.
 F = Levels seen in this place.
 G = Mean time per level.
                   A        B        C        D        E       F      G
               +--------+--------+--------+--------+--------+-----+--------+
         Total |   3855 |   3660 |    195 |    210 |   2858 |   5 |  771.0 |
       Dungeon |   3855 |   3660 |    195 |    210 |   2858 |   5 |  771.0 |
               +--------+--------+--------+--------+--------+-----+--------+

Top non-repeatable levels by time:
     D:4: 1223 daAuts
     D:2: 1050 daAuts
     D:3: 806 daAuts
     D:1: 730 daAuts
     D:5: 43 daAuts
